EL
READING FIGHTIN PHILS @ SAN ANTONIO MISSIONS
07/02/2044
 
TOP OF THE 1ST
Reading Fightin Phils batting - Pitching for San Antonio Missions : LHP Leonor Bem
Pitching: LHP Leonor Bem
Batting: RHB Matt Strong 0-0: Ball
1-0: Foul Ball, location: 2F
1-1: Ground out 3-1 (Groundball, 34S, EV 88.8 MPH)
Batting: RHB Austin Wiebe 0-0: Called Strike
0-1: Ball
1-1: Ball
2-1: Fly out, F4 (Popup, 34, EV 70.6 MPH)
Batting: RHB Fletcher Easter 0-0: Called Strike
0-1: SINGLE (Line Drive, 8LS, EV 97.5 MPH)
Batting: RHB Mike Narciso Pickoff Throw to First - Out! 1-3
Top of the 1st over - 0 runs, 1 hit, 0 errors, 0 left on base; Reading 0 - San Antonio 0
BOTTOM OF THE 1ST
San Antonio Missions batting - Pitching for Reading Fightin Phils : LHP Taylor Sightler
Pitching: LHP Taylor Sightler
Batting: LHB Tsutomu Miyahara 0-0: Foul Ball, location: 2F
0-1: Ground out U3 (Groundball, 3, EV 85.0 MPH)
Batting: RHB Ryan Flynn 0-0: Called Strike
0-1: Ball
1-1: Ground out 6-3 (Groundball, 6, EV 81.2 MPH)
Batting: RHB Kyle Davis 0-0: Called Strike
0-1: Foul Ball, location: 2F
0-2: SINGLE (Groundball, 5S, EV 70.6 MPH) (infield hit)
Batting: LHB Conrad Taylor 0-0: Ball
1-0: Foul Ball, location: 2F
1-1: DOUBLE (Groundball, 5L, EV 99.4 MPH)
Kyle Davis to third
Batting: RHB Scott Schwartz 0-0: Ball
1-0: Ball
2-0: SINGLE (Line Drive, 7S, EV 90.6 MPH)
Kyle Davis scores
Conrad Taylor to third
Runner from 3rd tries for Home, SAFE, throw by LF to home
Batting: RHB Min-chin Yi 0-0: Swinging Strike
0-1: Ball
1-1: Called Strike
1-2: Strikes out swinging
Bottom of the 1st over - 2 runs, 3 hits, 0 errors, 1 left on base; Reading 0 - San Antonio 2
TOP OF THE 2ND
Reading Fightin Phils batting - Pitching for San Antonio Missions : LHP Leonor Bem
Batting: RHB Mike Narciso 0-0: Swinging Strike
0-1: Ground out 5-3 (Groundball, 56, EV 87.5 MPH)
Batting: LHB Danny Hill 0-0: Foul Ball, location: 2F
0-1: Ball
1-1: Ball
2-1: Foul Ball, location: 2F
2-2: Ball
3-2: Foul Ball, location: 2F
3-2: Ground out U3 (Groundball, 34S, EV 81.9 MPH)
Batting: RHB Zach Downs 0-0: Called Strike
0-1: Ball
1-1: SINGLE (Groundball, 56D, EV 98.8 MPH)
Batting: RHB Hector Nunez 0-0: Called Strike
0-1: Ground out 5-3 (Groundball, 56S, EV 64.4 MPH)
Top of the 2nd over - 0 runs, 1 hit, 0 errors, 1 left on base; Reading 0 - San Antonio 2
BOTTOM OF THE 2ND
San Antonio Missions batting - Pitching for Reading Fightin Phils : LHP Taylor Sightler
Batting: LHB Javy Portela 0-0: Called Strike
0-1: Foul Ball, location: 2F
0-2: Strikes out swinging
Batting: SHB Curtis Thompson 0-0: Ground out 5-3 (Groundball, 56, EV 103.8 MPH)
Batting: SHB Ryohei Nakano 0-0: Ground out 2-3 (Groundball, 2L, EV 65.6 MPH)
Bottom of the 2nd over - 0 runs, 0 hits, 0 errors, 0 left on base; Reading 0 - San Antonio 2
TOP OF THE 3RD
Reading Fightin Phils batting - Pitching for San Antonio Missions : LHP Leonor Bem
Batting: RHB Gary Hills 0-0: Ball
1-0: Foul Ball, location: 2F
1-1: Ball
2-1: Ground out 5-3 (Groundball, 56S, EV 91.2 MPH)
Batting: LHB Darrell Ortega 0-0: Swinging Strike
0-1: Ground out 4-3 (Groundball, 4, EV 87.5 MPH)
Batting: RHB Matt Strong 0-0: Ball
1-0: Ball
2-0: Ball
3-0: Called Strike
3-1: Ground out 4-3 (Groundball, 4, EV 80.6 MPH)
Top of the 3rd over - 0 runs, 0 hits, 0 errors, 0 left on base; Reading 0 - San Antonio 2
BOTTOM OF THE 3RD
San Antonio Missions batting - Pitching for Reading Fightin Phils : LHP Taylor Sightler
Batting: LHB Tsutomu Miyahara 0-0: Foul Ball, location: 2F
0-1: Called Strike
0-2: Fly out, F6 (Popup, 6MS, EV 66.2 MPH)
Batting: RHB Ryan Flynn 0-0: Foul Ball, location: 2F
0-1: Called Strike
0-2: Strikes out swinging
Batting: RHB Kyle Davis 0-0: Ball
1-0: Foul Ball, location: 2F
1-1: Swinging Strike
1-2: Ball
2-2: Foul Ball, location: 2F
2-2: Ball
3-2: Foul Ball, location: 2F
3-2: Fly out, F3 (Flyball, 3D, EV 91.9 MPH)
Bottom of the 3rd over - 0 runs, 0 hits, 0 errors, 0 left on base; Reading 0 - San Antonio 2
TOP OF THE 4TH
Reading Fightin Phils batting - Pitching for San Antonio Missions : LHP Leonor Bem
Batting: RHB Austin Wiebe 0-0: Hit by Pitch
Batting: RHB Fletcher Easter 0-0: Ground out 6-3 (Groundball, 6M, EV 98.1 MPH)
Austin Wiebe to second
Batting: RHB Mike Narciso 0-0: Ball
1-0: Foul Ball, location: 2F
1-1: Ball
2-1: Called Strike
2-2: Ball
3-2: 2-RUN HOME RUN (Flyball, 78XD, EV 101.9 MPH), Distance : 409 ft
Batting: LHB Danny Hill 0-0: Hit by Pitch
Batting: RHB Zach Downs 0-0: Called Strike
0-1: SINGLE (Groundball, 6MD, EV 106.2 MPH)
Danny Hill to second
Danny Hill to third
Batting: RHB Hector Nunez 0-0: Ball
1-0: Called Strike
1-1: Called Strike
1-2: Ball
2-2: Strikes out swinging
Batting: RHB Gary Hills 0-0: Ball
Wild Pitch!
Danny Hill scores
Zach Downs to second
1-0: Fly out, F8 (Flyball, 8LS, EV 74.4 MPH)
Top of the 4th over - 3 runs, 2 hits, 0 errors, 1 left on base; Reading 3 - San Antonio 2
BOTTOM OF THE 4TH
San Antonio Missions batting - Pitching for Reading Fightin Phils : LHP Taylor Sightler
Batting: LHB Conrad Taylor 0-0: Called Strike
0-1: Ball
1-1: Foul Ball, location: 2F
1-2: Ball
2-2: Foul Ball, location: 2F
2-2: Fly out, F4 (Line Drive, 4, EV 65.6 MPH)
Batting: RHB Scott Schwartz 0-0: Ball
1-0: Called Strike
1-1: Foul Ball, location: 2F
1-2: Fly out, F8 (Line Drive, 8RD, EV 103.8 MPH)
Batting: RHB Min-chin Yi 0-0: Ground out 4-3 (Groundball, 4, EV 84.4 MPH)
Bottom of the 4th over - 0 runs, 0 hits, 0 errors, 0 left on base; Reading 3 - San Antonio 2
TOP OF THE 5TH
Reading Fightin Phils batting - Pitching for San Antonio Missions : LHP Leonor Bem
Batting: LHB Darrell Ortega 0-0: SINGLE (Line Drive, 7LS, EV 92.5 MPH)
Batting: RHB Matt Strong 0-0: Ball
1-0: Ball
2-0: Foul Ball, location: 2F
2-1: SINGLE (Line Drive, 5, EV 68.1 MPH) (infield hit)
Darrell Ortega to second
Batting: RHB Austin Wiebe 0-0: Called Strike
0-1: Foul Ball, location: 2F
0-2: Ball
1-2: Foul Ball, location: 2F
1-2: Strikes out looking
Batting: RHB Fletcher Easter 0-0: Ball
Wild Pitch!
Darrell Ortega to third
Matt Strong to second
1-0: Ball
2-0: Foul Ball, location: 2F
2-1: Foul Ball, location: 2F
2-2: Foul Ball, location: 2F
2-2: Foul Ball, location: 2F
2-2: Fly out, F8 (Line Drive, 8RM, EV 85.0 MPH)
Runner from 3rd tags up, SCORES, no throw by CF
Batting: RHB Mike Narciso 0-0: Fly out, F5 (Popup, 5S, EV 70.0 MPH)
Top of the 5th over - 1 run, 2 hits, 0 errors, 1 left on base; Reading 4 - San Antonio 2
BOTTOM OF THE 5TH
San Antonio Missions batting - Pitching for Reading Fightin Phils : LHP Taylor Sightler
Batting: LHB Javy Portela 0-0: Ball
1-0: Foul Ball, location: 2F
1-1: Foul Ball, location: 2F
1-2: Fly out, F5 (Line Drive, 5, EV 65.6 MPH)
Batting: SHB Curtis Thompson 0-0: Ball
1-0: Foul Ball, location: 2F
1-1: Ball
2-1: Ground out 5-3 (Groundball, 5, EV 95.0 MPH)
Batting: SHB Ryohei Nakano 0-0: Called Strike
0-1: Ball
1-1: Ball
2-1: Fly out, F7 (Flyball, 7, EV 89.4 MPH)
Bottom of the 5th over - 0 runs, 0 hits, 0 errors, 0 left on base; Reading 4 - San Antonio 2
TOP OF THE 6TH
Reading Fightin Phils batting - Pitching for San Antonio Missions : LHP Leonor Bem
Batting: LHB Danny Hill 0-0: Ball
1-0: Called Strike
1-1: Foul Ball, location: 2F
1-2: SOLO HOME RUN (Flyball, 78XD, EV 100.0 MPH), Distance : 396 ft
Pitching: RHP Travis White
Batting: RHB Zach Downs 0-0: Ball
1-0: Ball
2-0: Called Strike
2-1: Called Strike
2-2: Ball
3-2: Fly out, F4 (Flyball, 34D, EV 92.5 MPH)
Batting: RHB Hector Nunez 0-0: Ball
1-0: Foul Ball, location: 2F
1-1: Foul Ball, location: 2F
1-2: Strikes out swinging
Batting: RHB Gary Hills 0-0: Fly out, F8 (Flyball, 8LXD, EV 96.9 MPH)
Top of the 6th over - 1 run, 1 hit, 0 errors, 0 left on base; Reading 5 - San Antonio 2
BOTTOM OF THE 6TH
San Antonio Missions batting - Pitching for Reading Fightin Phils : LHP Taylor Sightler
Batting: LHB Tsutomu Miyahara 0-0: Bunt missed!
0-1: Ball
1-1: Ball
2-1: Ball
3-1: Foul Ball, location: 2F
3-2: Fly out, F6 (Popup, 6M, EV 41.9 MPH)
Batting: RHB Ryan Flynn 0-0: Ball
1-0: Foul Ball, location: 2F
1-1: Ground out 5-3 (Groundball, 56S, EV 81.9 MPH)
Batting: RHB Kyle Davis 0-0: Ball
1-0: Called Strike
1-1: Foul Ball, location: 2F
1-2: Ball
2-2: Ball
3-2: Foul Ball, location: 2F
3-2: Foul Ball, location: 2F
3-2: Ground out 6-3 (Groundball, 6MD, EV 84.4 MPH)
Bottom of the 6th over - 0 runs, 0 hits, 0 errors, 0 left on base; Reading 5 - San Antonio 2
TOP OF THE 7TH
Reading Fightin Phils batting - Pitching for San Antonio Missions : RHP Travis White
Batting: LHB Darrell Ortega 0-0: Called Strike
0-1: Ball
1-1: Swinging Strike
1-2: Ball
2-2: Ball
3-2: Strikes out swinging
Batting: RHB Matt Strong 0-0: SINGLE (Line Drive, 8LM, EV 90.6 MPH)
Batting: RHB Austin Wiebe 0-0: Ball
Matt Strong is caught stealing 2nd base 2-4
1-0: Ball
2-0: Called Strike
2-1: Ground out 4-3 (Groundball, 34, EV 111.2 MPH)
Top of the 7th over - 0 runs, 1 hit, 0 errors, 0 left on base; Reading 5 - San Antonio 2
BOTTOM OF THE 7TH
San Antonio Missions batting - Pitching for Reading Fightin Phils : LHP Taylor Sightler
Batting: LHB Conrad Taylor 0-0: Called Strike
0-1: Ball
1-1: Ball
2-1: Ball
3-1: Base on Balls
Batting: RHB Scott Schwartz 0-0: Called Strike
0-1: Ball
1-1: Swinging Strike
1-2: Grounds into double play, 6-4-3 (Groundball, 6, EV 85.6 MPH)
Batting: RHB Min-chin Yi 0-0: Foul Ball, location: 2F
0-1: Ball
1-1: Fly out, F7 (Flyball, 7S, EV 78.8 MPH)
Bottom of the 7th over - 0 runs, 0 hits, 0 errors, 0 left on base; Reading 5 - San Antonio 2
TOP OF THE 8TH
Reading Fightin Phils batting - Pitching for San Antonio Missions : RHP Travis White
Pitching: RHP Nick Jamison
Batting: RHB Fletcher Easter 0-0: Called Strike
0-1: Foul Ball, location: 2F
0-2: Ball
1-2: Ball
2-2: Strikes out swinging
Batting: RHB Mike Narciso 0-0: Ball
1-0: Ball
2-0: Called Strike
2-1: Foul Ball, location: 2F
2-2: Ball
3-2: Base on Balls
Batting: LHB Danny Hill 0-0: Called Strike
0-1: Ball
1-1: Foul Ball, location: 2F
1-2: Ball
2-2: Foul Ball, location: 2F
2-2: Foul Ball, location: 2F
2-2: Foul Ball, location: 2F
2-2: Fly out, F9 (Flyball, 9LD, EV 84.4 MPH)
Batting: RHB Zach Downs 0-0: SINGLE (Groundball, 56D, EV 107.5 MPH)
Mike Narciso to second
Batting: RHB Hector Nunez 0-0: Called Strike
0-1: Fly out, F7 (Flyball, 7D, EV 91.2 MPH)
Top of the 8th over - 0 runs, 1 hit, 0 errors, 2 left on base; Reading 5 - San Antonio 2
BOTTOM OF THE 8TH
San Antonio Missions batting - Pitching for Reading Fightin Phils : LHP Taylor Sightler
Batting: LHB Javy Portela 0-0: SOLO HOME RUN (Flyball, 89XD, EV 104.4 MPH), Distance : 402 ft
Batting: SHB Curtis Thompson 0-0: Swinging Strike
0-1: Ground out 4-3 (Groundball, 4, EV 90.0 MPH)
Batting: SHB Ryohei Nakano 0-0: Ball
1-0: Foul Ball, location: 2F
1-1: Ball
2-1: Ground out 5-3 (Groundball, 56S, EV 64.4 MPH)
Batting: LHB Tsutomu Miyahara 0-0: Ball
1-0: Foul Ball, location: 2F
1-1: Ground out 4-3 (Groundball, 4M, EV 98.8 MPH)
Bottom of the 8th over - 1 run, 1 hit, 0 errors, 0 left on base; Reading 5 - San Antonio 3
TOP OF THE 9TH
Reading Fightin Phils batting - Pitching for San Antonio Missions : RHP Nick Jamison
Batting: RHB Gary Hills 0-0: Ball
1-0: Fly out, F9 (Flyball, 9LS, EV 87.5 MPH)
Batting: LHB Darrell Ortega 0-0: Ball
1-0: Ball
2-0: Foul Ball, location: 2F
2-1: Fly out, F8 (Flyball, 8RD, EV 86.2 MPH)
Batting: RHB Matt Strong 0-0: SOLO HOME RUN (Flyball, 78XD, EV 100.0 MPH), Distance : 402 ft
Batting: RHB Austin Wiebe 0-0: Ball
1-0: Called Strike
1-1: Ground out 5-3 (Groundball, 56, EV 83.1 MPH)
Top of the 9th over - 1 run, 1 hit, 0 errors, 0 left on base; Reading 6 - San Antonio 3
BOTTOM OF THE 9TH
San Antonio Missions batting - Pitching for Reading Fightin Phils : LHP Taylor Sightler
Pitching: LHP Josh Turner
Batting: RHB Ryan Flynn 0-0: Called Strike
0-1: Called Strike
0-2: Strikes out swinging
Batting: RHB Kyle Davis 0-0: Foul Ball, location: 2F
0-1: Ground out 5-3 (Groundball, 56, EV 107.5 MPH)
Batting: LHB Conrad Taylor 0-0: Ball
1-0: Ball
2-0: Reached on error, E4 (Groundball, 4, EV 102.5 MPH)
Batting: RHB Scott Schwartz 0-0: Ball
1-0: Called Strike
1-1: Reached on error, E5 (Groundball, 5, EV 101.9 MPH)
Conrad Taylor to second
Batting: RHB Min-chin Yi 0-0: Called Strike
0-1: Foul Ball, location: 2F
0-2: Fly out, F8 (Flyball, 8LS, EV 85.0 MPH)
Bottom of the 9th over - 0 runs, 0 hits, 2 errors, 2 left on base; Reading 6 - San Antonio 3
Thursday, March 31st , 2022 - OOTP Baseball 22.12 Build 89